 Dungeon Crawl Stone Soup version 0.30-a0-622-gddc90eaa04 (webtiles) character file.

Game seed: 3098948813190956546

316690 Mitcholas the Slayer (level 22, -11/182 HPs)
             Began as a Djinni Conjurer on Jan 4, 2023.
             Was the Champion of Makhleb.
             Mangled by Vv (31 damage)
             ... on level 2 of the Depths on Jan 10, 2023.
             The game lasted 05:14:57 (35928 turns).

Mitcholas the Slayer (Djinni Conjurer)             Turns: 35928, Time: 05:14:58

Health: -11/182    AC: 16    Str: 10    XL:     22   Next: 36%
Gold:   3983       EV: 19    Int: 39    God:    Makhleb [******] SH:  7 Dex: 17

rFire   + + .      SeeInvis .    C - +9 flail of Sunlight {heavy, Str-2 Int+7}
rCold   + . .      Faith    .    a - +1 buckler of Sunlight {Will++ Regen+ Int+2}
rNeg    + . .      Spirit   .    t - +4 troll leather armour
rPois   ∞          Reflect  .    R - +2 hat "Duwajilu" {Dex+4}
rElec   +          Harm     .    w - +0 cloak
rCorr   .          Rampage  .    S - +2 pair of gloves {infuse}
Will    +++++                    (boots unavailable)
Stlth   ++                       P - amulet of the Air {Inacc Air Fly rElec RMsl}
HPRegen 2.10/turn                N - ring "Soikkyes" {rPois rC+ Will+}
MPRegen 0.00/turn                Q - ring of Existentialism {rC+ rN+ Str+6}

@: flying, hasted, studying 2 skills, repel missiles, very quick
A: sickness immunity, fire resistance 2, cold vulnerability 1, float, innate
caster, HP casting, extra vitality 1
}: 2/15 runes: decaying, serpentine
a: Renounce Religion, Minor Destruction, Lesser Servant of Makhleb, Major
Destruction, Greater Servant of Makhleb


You were on level 2 of the Depths.
You worshipped Makhleb.
Makhleb was exalted by your worship.
You visited 8 branches of the dungeon, and saw 36 of its levels.
You also visited: Sewer, Bailey and Gauntlet.

You collected 5682 gold pieces.
You spent 1699 gold pieces at shops.

Inventory:

Hand Weapons
 C - the +9 flail of Sunlight (weapon) {heavy, Str-2 Int+7}
   (You found it on level 9 of the Dungeon)

   Str:       It affects your strength (-2).
   Int:       It affects your intelligence (+7).
Missiles
 B - 11 curare-tipped darts
 J - 2 throwing nets
Armour
 a - the +1 buckler of Sunlight (worn) {Will++ Regen+ Int+2}
   (You acquired it on level 8 of the Dungeon)

   Int:       It affects your intelligence (+2).
   Regen:     It increases your rate of health regeneration.
   Will:      It greatly increases your willpower.
 t - a +4 troll leather armour (worn)
 w - a +0 cloak (worn)
 R - the +2 hat "Duwajilu" (worn) {Dex+4}
   (You found it in a Gauntlet)

   Dex:       It affects your dexterity (+4).
 S - a +2 pair of gloves of infusion (worn)
Jewellery
 m - a ring of resist corrosion
 p - a +6 ring of intelligence
 N - the ring "Soikkyes" (left hand) {rPois rC+ Will+}
   (You bought it in a shop on level 15 of the Dungeon)

   [ring of willpower]

   rC:        It protects you from cold.
   rPois:     It protects you from poison.
   Will:      It increases your willpower.
 P - the amulet of the Air (around neck) {Inacc Air Fly rElec RMsl}
   (You took it off a deep elf annihilator on level 3 of the Elven Halls)

   [amulet of nothing]

   It reduces the accuracy of all your attacks.
   It enhances your air magic.
   rElec:     It insulates you from electricity.
   Fly:       It grants you flight.
   RMsl:      It protects you from missiles.
 Q - the ring of Existentialism (right hand) {rC+ rN+ Str+6}
   (You found it in a Gauntlet)

   [ring of protection from cold]

   Str:       It affects your strength (+6).
   rC:        It protects you from cold.
   rN:        It protects you from negative energy.
Wands
 r - a wand of quicksilver (20)
 x - a wand of polymorph (18)
 y - a wand of charming (39)
 D - a wand of mindburst (30)
 H - a wand of roots (34)
 O - a wand of flame (61)
Scrolls
 f - 4 scrolls of butterflies
 g - 5 scrolls of immolation
 j - 10 scrolls of fear
 k - 20 scrolls of identify
 l - 21 scrolls of teleportation
 o - 7 scrolls of fog
 z - 6 scrolls of poison
 G - 3 scrolls of blinking
 I - 2 scrolls of enchant armour
 K - 2 scrolls of magic mapping
 M - 3 scrolls of silence
Potions
 b - 2 potions of cancellation
 c - 7 potions of haste
 e - 9 potions of heal wounds
 h - 7 potions of might
 i - 3 potions of invisibility
 n - 11 potions of lignification
 q - 9 potions of curing
 s - 6 potions of mutation
 u - 2 potions of attraction
 v - 6 potions of ambrosia
 A - 3 potions of brilliance
Miscellaneous
 d - a phantom mirror (inert)
 E - a box of beasts
 F - a condenser vane


   Skills:
 * Level 22.5 Fighting
 - Level 8.0 Armour
 + Level 13.3 Dodging
 - Level 1.5 Stealth
 - Level 8.0 Shields
 * Level 18.1 Spellcasting
 + Level 13.1 Invocations
 - Level 6.0 Evocations


You couldn't memorise any spells.
You knew the following spells:

 Your Spells              Type           Power      Damage    Failure   Level
a - Magic Dart            Conj           100%       1d8       0%          1
b - Searing Ray           Conj           100%       2d8       0%          2
c - Dazzling Flash        Conj/Hex       100%       N/A       0%          3
d - Fulminant Prism       Conj/Hex       54%        3d23      0%          4
e - Iskenderun's Mystic   Conj/Tloc      100%       2d19      0%          4
f - Slow                  Hex            100%       N/A       0%          1
g - Call Imp              Summ           100%       N/A       0%          2
h - Inner Flame           Hex/Fire       100%       N/A       0%          3
i - Kindle Blastsparks    Fire/Tloc/Air  100%       2d18      0%          3
j - Animate Armour        Summ/Erth      100%       N/A       0%          4
k - Summon Mana Viper     Hex/Summ       100%       N/A       1%          5
l - Conjure Ball Lightni  Conj/Air       66%        3x3d25    1%          6
m - Spellforged Servitor  Conj/Summ      54%        N/A       1%          7
n - Death Channel         Necr           54%        N/A       1%          6
o - Dragon Form           Tmut           54%        N/A       1%          7
Your spell library was empty.

Dungeon Overview and Level Annotations

Branches:
Dungeon (15/15)            Temple (1/1) D:4            Lair (5/5) D:11
  Swamp (4/4) Lair:3        Snake (4/4) Lair:3        Slime (0/5) Lair:4
    Orc (2/2) D:11            Elf (3/3) Orc:2        Depths (2/4) D:15
  Sewer (visited)          Bailey (visited)         Gauntlet (visited)
 Vaults: D:13-14

Altars:
Ashenzari
Cheibriados
Dithmenos
Elyvilon
Fedhas
Gozag
Hepliaklqana
Makhleb
Nemelex Xobeh
Okawaru
Qazlal
Ru
Trog
Uskayaw
Wu Jian
Xom
Yredelemnul
Zin
The Shining One
Jiyva

Shops:
D:3 *   D:4 ?   D:15 (=?   Orc:1 *=   Orc:2 (:[*   Snake:3 !=   Snake:4 :=:

Portals:
Hell: Depths:1 Depths:2
Abyss: Depths:2

Annotations:
D:10 2 transporters, exclusion: oklob plant, experimilk's ghost, journeyman DrCj
Elf:2 2 transporters, 3 runed translucent doors, Myfaogiy's ghost, adept MiFi
Depths:1 exclusion: great orb of eyes
Depths:2 Vv


Innate Abilities, Weirdness & Mutations

You are immune to sickness and miasma.
You are immune to poison.
Your flesh is very heat resistant. (rF++)
You are vulnerable to cold. (rC-)
You float through the air rather than walking.
You learn spells naturally, not from books.
Your magical power is your life essence.
You have superior vitality. (+4 MHP)


Message History

Vv is engulfed in blazing flames.
Flame seeps out of Vv.
Vv hits you! Vv freezes you!! You resist.
* * * LOW HITPOINT WARNING * * *
Vv hits you but does no damage.
Casting: Iskenderun's Mystic Blast (safe; 0% risk of failure)
Confirm with . or Enter, or press ? or * to list all spells.
You erupt in a blast of force!
The mystic blast hits Vv but does no damage.
Vv is heavily damaged.
* * * LOW HITPOINT WARNING * * *
Vv hits you but does no damage. x2
Casting: Iskenderun's Mystic Blast (safe; 0% risk of failure)
Confirm with . or Enter, or press ? or * to list all spells.
You erupt in a blast of force!
The mystic blast hits Vv!
Flame seeps out of Vv.
Vv is heavily damaged.
Vv is knocked back by the mystic blast.
Vv violently stops moving!
Flame seeps out of Vv.
Vv is heavily damaged.
* * * LOW HITPOINT WARNING * * *
Casting: Iskenderun's Mystic Blast (safe; 0% risk of failure)
Confirm with . or Enter, or press ? or * to list all spells.
You erupt in a blast of force!
The mystic blast hits Vv but does no damage.
Vv is heavily damaged.
* * * LOW HITPOINT WARNING * * *
Casting: Iskenderun's Mystic Blast (safe; 0% risk of failure)
Confirm with . or Enter, or press ? or * to list all spells.
You erupt in a blast of force!
The mystic blast hits Vv.
Flame seeps out of Vv.
Vv is heavily damaged.
* * * LOW HITPOINT WARNING * * *
Vv is engulfed in blazing flames.
Flame seeps out of Vv.
Vv hits you!!
* * * LOW HITPOINT WARNING * * *
Vv freezes you! You resist.
* * * LOW HITPOINT WARNING * * *
You block Vv's attack.
You feel much better. Vv closely misses you. x2
You feel yourself speed up. Vv hits you!!
* * * LOW HITPOINT WARNING * * *
Vv freezes you!! You resist.
You die...

$.#≈≈≈#.#
#.~≈≈#.[!.#°≈≈#.####
#.≈~≈#....#°≈~#.#.#.
#..~~##+###≈≈....#.#
#..~~~≈≈°≈≈~~.~.....
#####..~~≈≈≈°~~....>...
#........~~~~..........
#......9...~......<....
#.....@...~~~...#......
##........<.....#......
#....≈.≈...........>..
#...)..................
#.).......~............
..~.....................
...##.......##..........
..) #.............>.....
##.....≈~~~.........


You could see Vv (inner flame).

Vanquished Creatures
  Bai Suzhen (Depths:1)
  Vashnia (Snake:4)
  Nikola (Elf:1)
  A bone dragon (Swamp:4)
  Jorgrun (D:13)
  A lich (Depths:1)
  2 deep elf blademasters (Elf:3)
  2 deep elf master archers (Elf:3)
  A sphinx (D:12)
  Frances (D:13)
  A thorn hunter (Swamp:4)
  A storm dragon (D:12)
  Kirke (D:13)
  6 nagarajas
  2 fenstrider witches
  6 frost giants
  A fire giant (Depths:2)
  4 deep elf sorcerers (Elf:3)
  3 orc warlords
  4 deep elf elementalists (Elf:3)
  9 stone giants
  3 very ugly things (Depths:2)
  Azrael (D:13)
  2 vampire knights
  6 deep elf demonologists (Elf:3)
  A dire elephant (Gauntlet)
  A minotaur (shapeshifter) (D:11)
  5 bunyips
  9 deep elf annihilators
  4 eleionomae
  A minotaur (Gauntlet)
  5 deep elf death magi
  2 ettins (Depths:1)
  5 deep elf high priests
  A rakshasa (Depths:1)
  A great orb of eyes (D:15)
  10 hydras
  10 anacondas
  5 ghost crabs
  4 centaur warriors
  A salamander tyrant (Snake:4)
  Fannar (Lair:2)
  3 ogre magi
  An ice dragon (Depths:2)
  3 catoblepae (Lair:5)
  10 naga warriors
  18 death yaks
  17 two-headed ogres
  3 boulder beetles
  17 dancing weapons
  A deep troll shaman (Depths:1)
  11 alligators
  3 deep troll earth magi
  A spriggan berserker (Depths:2)
  2 tengu warriors (D:15)
  5 orc high priests
  7 shock serpents
  15 deep elf knights
  6 naga sharpshooters (Snake:4)
  5 spriggans
  6 iron trolls
  A salamander mystic (Snake:3)
  2 goliath frogs
  3 skeletal warriors (D:15)
  A spriggan druid (Swamp:3)
  A death drake (Swamp:4)
  5 deep trolls
  A tengu zombie (Depths:1)
  5 swamp dragons
  2 wizards (Depths:1)
  4 bog bodies
  9 orc knights
  6 naga ritualists
  6 necromancers
  11 deep elf archers
  2 spectral hydras (Swamp:4)
  32 deep elf pyromancers
  An oklob plant (Lair:5)
  35 deep elf zephyrmancers
  3 manticores
  A tengu skeleton (Depths:1)
  7 mana vipers
  18 salamanders
  8 orc sorcerers
  3 ugly things
  4 cyclopes
  2 guardian serpents
  20 naga magi
  10 elephants
  2 torpor snails (Lair:5)
  36 black mambas
  A gargoyle (D:12)
  2 unseen horrors
  A stone giant skeleton (Depths:1)
  13 cane toads
  4 kobold demonologists (D:11)
  An efreet (D:15)
  12 komodo dragons
  5 rime drakes
  3 swamp worm zombies (Swamp:4)
  5 hydra zombies (Swamp:4)
  3 bloated husks (Swamp:4)
  6 meliai (D:15)
  6 polar bears
  5 trolls
  5 hornets
  6 tyrant leeches
  A merfolk (shapeshifter) (D:12)
  A spectral swamp dragon (Swamp:4)
  Grinder (D:4)
  An alligator zombie (Swamp:4)
  7 dream sheep (Lair:5)
  2 air elementals
  20 blink frogs
  13 slime creatures
  2 centaur simulacra
  Sigmund (D:3)
  2 shadows
  11 water elementals
  2 hogs (D:13)
  A vampire (D:10)
  A wyvern (Lair:3)
  54 yaks
  5 fire elementals
  3 steam dragons
  2 basilisks
  13 vampire mosquitoes
  A human (D:13)
  16 wargs
  3 acid dragons
  46 nagas
  8 swamp worms
  2 hell hounds (D:13)
  16 water moccasins
  2 swamp drakes
  2 ice beasts
  42 orc warriors
  6 black bears
  6 ogres
  11 centaurs
  A swamp dragon zombie (Swamp:4)
  16 wolves
  3 phantoms (Swamp:4)
  10 kobold brigands (D:11)
  7 bullfrogs
  6 gnoll sergeants
  4 earth elementals
  2 elf zombies (Elf:1)
  3 necrophages
  2 scorpions
  3 wights (D:8)
  9 killer bees
  4 electric eels
  8 howler monkeys
  8 hounds
  2 jellies
  22 orc priests
  7 gnoll boudas
  An iron imp (D:7)
  5 iguanas
  21 orc wizards
  A spectral swamp drake (Swamp:4)
  A hell rat (Sewer)
  12 gnolls
  11 adders
  2 river rats
  A shadow imp (D:5)
  4 white imps
  2 ufetubi
  4 dart slugs
  73 orcs
  7 ball pythons
  2 bats
  3 endoplasms
  4 giant cockroaches
  13 goblins
  5 hobgoblins
  2 jackals (D:4)
  2 quokkas
  5 frilled lizards
  2 goblin skeletons (D:7)
  2 goblin zombies (D:7)
  12 kobolds
  A kobold skeleton (D:7)
  2 kobold zombies (D:7)
  2 orc skeletons (D:7)
  7 rats
  2 briar patches (Swamp:4)
  2 bushes
1215 creatures vanquished.

Vanquished Creatures (collateral kills)
  Roxanne (Elf:1)
  3 nagarajas
  A deep elf demonologist (Elf:1)
  A deep elf annihilator (Elf:3)
  A bunyip (Swamp:3)
  A deep elf death mage (Elf:3)
  An ice dragon (Depths:1)
  A salamander tyrant (Snake:4)
  3 hydras
  2 boulder beetles
  2 dancing weapons (Elf:2)
  An anaconda (Snake:3)
  2 centaur warriors
  3 naga warriors (Snake:4)
  A shock serpent (Snake:3)
  A deep elf knight (Elf:2)
  3 naga sharpshooters
  A fire crab (shapeshifter) (D:12)
  A salamander mystic (Snake:4)
  3 goliath frogs
  A sea snake (Snake:3)
  A swamp dragon (Swamp:1)
  A spectral hydra (Swamp:4)
  3 bog bodies
  3 deep elf archers
  2 mana vipers (Snake:2)
  A deep elf zephyrmancer (Elf:1)
  7 salamanders
  A cyclops (D:12)
  2 elephants (Lair:5)
  5 naga magi
  2 black mambas
  A black mamba (shapeshifter) (D:13)
  An efreet (D:13)
  A cane toad (Lair:4)
  2 swamp worm zombies (Swamp:4)
  A komodo dragon (Lair:5)
  A hornet (Swamp:4)
  2 alligator zombies (Swamp:4)
  2 spectral swamp dragons (Swamp:4)
  A water elemental (Depths:2)
  2 air elementals
  A basilisk (D:12)
  5 swamp worms
  5 nagas
  2 hell hounds (D:13)
  A swamp drake (Swamp:1)
  A swamp dragon zombie (Swamp:4)
  A tengu (shapeshifter) (Elf:1)
  2 phantoms (Swamp:4)
  A rat (Sewer)
95 creatures vanquished.

Vanquished Creatures (others)
  Mara (Snake:3)
  A hydra (Swamp:1)
  A deep elf zephyrmancer (Elf:1)
  A deep elf pyromancer (Elf:1)
  A will-o-the-wisp (Swamp:1)
  4 bloated husks
  A tyrant leech (Swamp:1)
  3 water elementals (Depths:2)
  A water moccasin (Lair:2)
  An orc wizard (D:6)
  38 ball lightnings
  205 fulminant prisms
  24 fungi
  63 plants
345 creatures vanquished.

Grand Total: 1655 creatures vanquished

Notes
Turn   | Place    | Note
-------+----------+-------------------------------------------
     0 | D:1      | Mitcholas the Djinni Conjurer began the quest for the Orb.
     0 | D:1      | Mitcholas set off with the following spells memorised:
                  | Magic Dart, Searing Ray, Dazzling Flash, Fulminant Prism,
                  | Iskenderun's Mystic Blast.
     0 | D:1      | Reached XP level 1. HP: 15/15 MP: 0/0
   183 | D:1      | Found a faded altar of an unknown god.
   271 | D:1      | Reached XP level 2. HP: 21/22 MP: 0/0
   455 | D:1      | Reached skill level 1 in Fighting
   740 | D:2      | Reached XP level 3. HP: 26/27 MP: 0/0
   740 | D:2      | Learned a level 1 spell: Slow
   879 | D:2      | Reached skill level 1 in Armour
   946 | D:2      | Reached XP level 4. HP: 29/33 MP: 0/0
  1105 | D:2      | Reached skill level 2 in Fighting
  1888 | D:3      | Found Xigiagir's Assorted Antiques.
  2044 | D:3      | Noticed Sigmund
  2050 | D:3      | Killed Sigmund
  2051 | D:3      | Reached skill level 3 in Fighting
  2051 | D:3      | Reached XP level 5. HP: 34/41 MP: 0/0
  2051 | D:3      | Learned a level 2 spell: Call Imp
  2051 | D:3      | Reached XP level 6. HP: 39/47 MP: 0/0
  2593 | D:4      | Noticed a black bear
  2618 | D:4      | Killed a black bear
  2619 | D:4      | Reached skill level 4 in Fighting
  2619 | D:4      | Reached XP level 7. HP: 27/52 MP: 0/0
  2619 | D:4      | Learned a level 3 spell: Inner Flame
  2818 | D:4      | Found a staircase to the Ecumenical Temple.
  2830 | D:4      | Found Jutekh's Magic Scroll Boutique.
  2942 | D:4      | Noticed Grinder
  2949 | D:4      | Killed Grinder
  2950 | D:4      | Reached skill level 5 in Fighting
  2950 | D:4      | Reached skill level 5 in Spellcasting
  2985 | D:4      | Found a glowing drain.
  3007 | Sewer    | Entered a sewer
  3337 | D:4      | Reached XP level 8. HP: 47/60 MP: 0/0
  3376 | Temple   | Entered the Ecumenical Temple
  3376 | Temple   | Found a transporter.
  3376 | Temple   | Found a transporter.
  3381 | Temple   | Found a transporter.
  3381 | Temple   | Found a transporter.
  3400 | Temple   | Became a worshipper of Makhleb the Destroyer
  3872 | D:5      | Entered Level 5 of the Dungeon
  4154 | D:5      | Reached skill level 1 in Invocations
  4272 | D:5      | Reached skill level 6 in Fighting
  4806 | D:6      | Reached XP level 9. HP: 15/67 MP: 0/0
  4806 | D:6      | Learned a level 3 spell: Kindle Blastsparks
  5544 | D:6      | Reached * piety under Makhleb
  5589 | D:6      | Found the +16 obsidian axe {drain, Mesm Drain Fly SInv}
  5598 | D:6      | Reached skill level 7 in Fighting
  6221 | D:7      | Found a glowing golden altar of the Shining One.
  7036 | D:8      | Found a flagged portal.
  7042 | D:8      | Reached ** piety under Makhleb
  7048 | D:8      | Reached XP level 10. HP: 28/76 MP: 0/0
  7059 | Bailey   | Entered a bailey
  7223 | Bailey   | Reached skill level 5 in Dodging
  7258 | Bailey   | Reached skill level 8 in Fighting
  8025 | Bailey   | Noticed an orc knight
  8025 | Bailey   | Noticed an orc knight
  8043 | Bailey   | Killed an orc knight
  8180 | Bailey   | Killed an orc knight
  8698 | D:8      | Noticed a two-headed ogre
  8710 | D:8      | Killed a two-headed ogre
  8711 | D:8      | Reached skill level 9 in Fighting
  8711 | D:8      | Reached skill level 5 in Armour
  8720 | D:8      | Reached XP level 11. HP: 49/84 MP: 0/0
  8720 | D:8      | Learned a level 4 spell: Animate Armour
  8988 | D:8      | Acquired the +1 buckler of Sunlight {Will++ Regen+ Int+2}
  9011 | D:9      | Found an iron altar of Okawaru.
  9019 | D:9      | Reached skill level 1 in Shields
  9068 | D:9      | Identified the +9 flail of Sunlight {heavy, Str-2 Int+7}
  9169 | D:9      | Noticed a two-headed ogre
  9176 | D:9      | Killed a two-headed ogre
  9177 | D:9      | Reached skill level 5 in Invocations
  9177 | D:9      | Reached skill level 1 in Evocations
  9259 | D:9      | Noticed a two-headed ogre
  9265 | D:9      | Killed a two-headed ogre
  9768 | D:10     | Entered Level 10 of the Dungeon
  9772 | D:10     | Reached *** piety under Makhleb
  9787 | D:10     | Noticed a two-headed ogre
  9789 | D:10     | Noticed a manticore
  9794 | D:10     | Noticed a tengu warrior
  9797 | D:10     | Noticed experimilk's ghost (journeyman DrCj)
  9806 | D:10     | Noticed a two-headed ogre
  9816 | D:10     | Reached skill level 5 in Shields
  9978 | D:10     | Reached skill level 10 in Fighting
 10137 | D:10     | Found a transporter.
 10140 | D:10     | Found a transporter.
 10142 | D:10     | Noticed an oklob plant
 10194 | D:11     | Reached XP level 12. HP: 71/91 MP: 0/0
 10203 | D:11     | Reached **** piety under Makhleb
 10830 | D:11     | Found a staircase to the Lair.
 11043 | D:11     | Found a staircase to the Orcish Mines.
 11102 | D:11     | Reached ***** piety under Makhleb
 11108 | D:11     | Noticed an eleionoma
 11109 | D:11     | an eleionoma changed into a shadow dragon
 11109 | D:11     | Noticed a shadow dragon (glowing shapeshifter)
 11110 | D:11     | a shadow dragon changed into a sphinx
 11110 | D:11     | Noticed a sphinx (glowing shapeshifter)
 11116 | D:11     | Noticed a quicksilver dragon
 11118 | D:11     | a quicksilver dragon changed into a dire elephant
 11118 | D:11     | Noticed a dire elephant (glowing shapeshifter)
 11126 | D:11     | a dire elephant changed into a fenstrider witch
 11126 | D:11     | Noticed a fenstrider witch (glowing shapeshifter)
 11127 | D:11     | a fenstrider witch changed into a fire giant
 11127 | D:11     | Noticed a fire giant (glowing shapeshifter)
 11128 | D:11     | a fire giant changed into an eleionoma
 11128 | D:11     | Noticed an eleionoma (glowing shapeshifter)
 11130 | D:11     | an eleionoma changed into an alligator snapping turtle
 11130 | D:11     | Noticed an alligator snapping turtle (glowing shapeshifter)
 11131 | D:11     | an alligator snapping turtle changed into a fire giant
 11131 | D:11     | Noticed a fire giant (glowing shapeshifter)
 11135 | D:11     | a fire giant changed into a quicksilver dragon
 11135 | D:11     | Noticed a quicksilver dragon (glowing shapeshifter)
 11139 | D:11     | a quicksilver dragon changed into a fire giant
 11139 | D:11     | Noticed a fire giant (glowing shapeshifter)
 11140 | D:11     | a fire giant changed into a sphinx
 11140 | D:11     | Noticed a sphinx (glowing shapeshifter)
 11143 | D:11     | a sphinx changed into a minotaur
 11143 | D:11     | Noticed a minotaur (glowing shapeshifter)
 11149 | D:11     | Killed a minotaur
 11150 | D:11     | Reached skill level 11 in Fighting
 11213 | D:11     | Noticed a two-headed ogre
 11221 | D:11     | Killed a two-headed ogre
 11247 | D:11     | Noticed an ogre mage
 11255 | D:11     | Killed an ogre mage
 11289 | D:11     | Noticed a two-headed ogre
 11295 | D:11     | Killed a two-headed ogre
 11307 | D:11     | Reached XP level 13. HP: 99/99 MP: 0/0
 11307 | D:11     | Learned a level 5 spell: Summon Mana Viper
 11672 | Lair:1   | Entered Level 1 of the Lair of Beasts
 11922 | Lair:1   | Reached skill level 5 in Evocations
 12035 | Lair:1   | Noticed a seven-headed hydra
 12040 | Lair:1   | Killed a seven-headed hydra
 12264 | Lair:2   | Reached skill level 12 in Fighting
 12264 | Lair:2   | Noticed Fannar
 12265 | Lair:2   | Noticed a four-headed hydra
 12430 | Lair:2   | Killed Fannar
 12431 | Lair:2   | Reached skill level 10 in Spellcasting
 12449 | Lair:2   | Killed a four-headed hydra
 12924 | Lair:2   | You are sucked into a shaft and drop 1 floor!
 13058 | Lair:3   | Found a staircase to the Snake Pit.
 13485 | Lair:3   | Found a staircase to the Swamp.
 13528 | Lair:3   | Reached XP level 14. HP: 108/108 MP: 0/0
 14102 | Lair:4   | Reached skill level 13 in Fighting
 14108 | Lair:4   | Reached ****** piety under Makhleb
 14502 | Lair:4   | Found a viscous altar of Jiyva.
 14504 | Lair:4   | Found a staircase to the Slime Pits.
 14672 | Lair:5   | Entered Level 5 of the Lair of Beasts
 15009 | Lair:5   | Reached skill level 14 in Fighting
 15010 | Lair:5   | Reached XP level 15. HP: 117/117 MP: 0/0
 15010 | Lair:5   | Learned a level 6 spell: Conjure Ball Lightning
 16197 | Orc:1    | Entered Level 1 of the Orcish Mines
 16257 | Orc:1    | Reached skill level 15 in Fighting
 16258 | Orc:1    | Found Zuoppak's Overcharged Wands.
 16426 | Orc:2    | Entered Level 2 of the Orcish Mines
 16472 | Orc:2    | Reached skill level 10 in Invocations
 16716 | Orc:2    | Noticed an orc warlord
 16735 | Orc:2    | Killed an orc warlord
 16841 | Orc:2    | Found Wuom's General Store.
 16935 | Orc:2    | Found Cyisimp's Antique Armour Emporium.
 16985 | Orc:2    | Found Ityraa's Antique Weapon Emporium.
 17039 | Orc:2    | Found Ramoq's Book Emporium.
 17066 | Orc:2    | Found a staircase to the Elven Halls.
 17459 | Orc:1    | Reached XP level 16. HP: 111/123 MP: 0/0
 17536 | Orc:1    | Found Odghevvin's Jewellery Shop.
 17907 | Snake:1  | Entered Level 1 of the Snake Pit
 17976 | Snake:1  | Noticed a nagaraja
 17986 | Snake:1  | Killed a nagaraja
 18085 | Snake:1  | Reached skill level 16 in Fighting
 18434 | Snake:1  | You are sucked into a shaft and drop 1 floor!
 18912 | Snake:2  | Noticed a nagaraja
 18925 | Snake:2  | Killed a nagaraja
 19351 | Snake:2  | Found a broken altar of Ashenzari.
 20045 | Snake:3  | Noticed Mara
 20045 | Snake:3  | Found Cymuacw's Jewellery Shoppe.
 20077 | Snake:3  | Noticed Mitcholas's illusion
 20190 | Snake:3  | Reached skill level 17 in Fighting
 20232 | Snake:3  | Noticed a nagaraja
 20250 | Snake:3  | Killed a nagaraja
 20485 | Snake:3  | Reached XP level 17. HP: 133/136 MP: 0/0
 20485 | Snake:3  | Learned a level 7 spell: Spellforged Servitor
 20700 | Snake:3  | Found Ufoac's Distillery.
 20703 | Snake:3  | Bought a potion of heal wounds for 75 gold pieces
 20727 | Snake:3  | Noticed Mitcholas's illusion
 20737 | Snake:3  | Killed Mara
 21072 | Snake:4  | Entered Level 4 of the Snake Pit
 21174 | Snake:4  | Reached skill level 18 in Fighting
 21608 | Snake:4  | Found Jozem's Jewellery Shop.
 21609 | Snake:4  | Found Ontun's Book Emporium.
 21609 | Snake:4  | Found Qeduenut's Book Emporium.
 21617 | Snake:4  | Bought the ring "Meuvasug" {Fly rElec Int-2 Dex+2} for 598
                  | gold pieces
 22230 | Snake:4  | Reached XP level 18. HP: 146/146 MP: 0/0
 22258 | Snake:4  | Noticed Vashnia
 22281 | Snake:4  | Killed Vashnia
 22412 | Snake:4  | Reached skill level 15 in Spellcasting
 22879 | Snake:4  | Got a serpentine rune of Zot
 23187 | Swamp:1  | Entered Level 1 of the Swamp
 23657 | Swamp:1  | Reached skill level 19 in Fighting
 23688 | Swamp:1  | Identified the +0 scale mail of Bitterness {-Cast Str+3
                  | Dex+3}
 25004 | Swamp:4  | Entered Level 4 of the Swamp
 25072 | Swamp:4  | Acquired 1332 gold pieces
 25203 | Swamp:4  | Reached XP level 19. HP: 112/154 MP: 0/0
 25203 | Swamp:4  | Learned a level 6 spell: Death Channel
 25761 | Swamp:4  | Noticed a bone dragon
 25839 | Swamp:4  | Killed a bone dragon
 25977 | Swamp:4  | Got a decaying rune of Zot
 26218 | Elf:1    | Entered Level 1 of the Elven Halls
 26698 | Elf:1    | Reached skill level 10 in Dodging
 26704 | Elf:1    | Noticed Nikola
 26758 | Elf:1    | Killed Nikola
 26761 | Elf:1    | Reached skill level 20 in Fighting
 26844 | Elf:1    | Identified Roxanne's Anthology of Alteration
 26844 | Elf:1    | Noticed Roxanne
 26872 | Elf:1    | Paralysed by an air elemental for 1 turns
 26883 | Elf:1    | Killed Roxanne
 27590 | Elf:2    | Reached XP level 20. HP: 163/163 MP: 0/0
 27713 | Elf:2    | Found a bloodstained altar of Trog.
 27713 | Elf:2    | Noticed Myfaogiy's ghost (adept MiFi)
 27719 | Elf:2    | Found a transporter.
 27737 | Elf:2    | Found a transporter.
 28086 | Elf:2    | Found a runed translucent gate.
 28086 | Elf:2    | Found a runed translucent gate.
 28086 | Elf:2    | Found a runed translucent gate.
 28479 | Elf:3    | Entered Level 3 of the Elven Halls
 29178 | Elf:3    | Noticed a Hell Sentinel
 29519 | Elf:3    | Noticed a Brimstone Fiend
 29620 | Elf:3    | Reached skill level 21 in Fighting
 30004 | Elf:3    | Reached XP level 21. HP: 171/171 MP: 0/0
 30004 | Elf:3    | Learned a level 7 spell: Dragon Form
 30124 | Elf:3    | Identified the +0 chain mail of Xyets {Dex+3}
 30261 | Elf:3    | Upgraded the game from 0.30-a0-591-g3c58d2bc28 to
                  | 0.30-a0-596-g0af90f9a20
 30504 | D:12     | Found a sacrificial altar of Ru.
 31624 | D:13     | Noticed Frances
 31629 | D:13     | Killed Frances
 31838 | D:13     | Noticed Jorgrun
 31854 | D:13     | HP: 5/172 [centaur warrior/arrow (12)]
 31857 | D:13     | Killed Jorgrun
 32085 | D:13     | Found a snail-covered altar of Cheibriados.
 32096 | D:13     | Noticed Kirke
 32105 | D:13     | Killed Kirke
 32157 | D:13     | Noticed Azrael
 32184 | D:13     | Killed Azrael
 32542 | D:14     | Found a gate leading to a gauntlet.
 32549 | Gauntlet | Entered a Gauntlet
 32549 | Gauntlet | Found a transporter.
 32549 | Gauntlet | Found a transporter.
 32555 | Gauntlet | Found a transporter.
 32568 | Gauntlet | Found a transporter.
 32586 | Gauntlet | Found a transporter.
 32586 | Gauntlet | Found a transporter.
 32586 | Gauntlet | Found a transporter.
 32589 | Gauntlet | Found a transporter.
 32589 | Gauntlet | Found a transporter.
 32597 | Gauntlet | Found a runed translucent door.
 32599 | Gauntlet | Found a runed translucent door.
 32601 | Gauntlet | Found a transporter.
 32619 | Gauntlet | Found a transporter.
 32629 | Gauntlet | Found a transporter.
 32644 | Gauntlet | Found a transporter.
 32664 | Gauntlet | Found a transporter.
 32665 | Gauntlet | Found a runed translucent door.
 32725 | Gauntlet | Identified the +0 pair of gloves "Yhorar" {rElec rCorr}
 32758 | Gauntlet | Identified the ring of Existentialism {rC+ rN+ Str+6}
 32789 | Gauntlet | Identified the +2 hat "Duwajilu" {Dex+4}
 33106 | D:14     | You are sucked into a shaft and drop 1 floor!
 33106 | D:15     | Entered Level 15 of the Dungeon
 33199 | D:15     | Found Jejudd's Weapon Emporium.
 33214 | D:15     | Bought a throwing net for 39 gold pieces
 33373 | D:15     | Found Iroumiuh's Jewellery Shoppe.
 33436 | D:15     | Bought the ring "Soikkyes" {rPois rC+ Will+} for 777 gold
                  | pieces
 33498 | D:15     | Found a staircase to the Depths.
 33556 | D:15     | Found Duyrgh's Magic Scroll Shop.
 33565 | D:15     | Bought a scroll of enchant armour for 105 gold pieces
 33565 | D:15     | Bought a scroll of blinking for 105 gold pieces
 33646 | D:15     | Found a white marble altar of Elyvilon.
 33646 | D:15     | Found a glowing silver altar of Zin.
 33646 | D:15     | Found a glowing golden altar of the Shining One.
 33688 | D:15     | Found a runed translucent door.
 33915 | D:15     | Reached skill level 22 in Fighting
 34119 | Depths:1 | Entered Level 1 of the Depths
 34184 | Depths:1 | Upgraded the game from 0.30-a0-596-g0af90f9a20 to
                  | 0.30-a0-622-gddc90eaa04
 34212 | Depths:1 | Identified the +4 scale mail "Unweupny" {Fly rF+ Int+3}
 34474 | Depths:1 | Found a shimmering altar of Xom.
 34474 | Depths:1 | Found a shimmering altar of Xom.
 34493 | Depths:1 | Reached XP level 22. HP: 170/180 MP: 0/0
 34520 | Depths:1 | Found a shimmering altar of Xom.
 34520 | Depths:1 | Found a shimmering altar of Xom.
 34522 | Depths:1 | Found a shimmering altar of Xom.
 34662 | Depths:1 | Found a shimmering altar of Xom.
 34665 | Depths:1 | Found a shimmering altar of Xom.
 34844 | Depths:1 | Found a gateway to Hell.
 35264 | Depths:2 | Noticed Bai Suzhen
 35283 | Depths:1 | Killed Bai Suzhen
 35458 | Depths:2 | Noticed Vv
 35865 | Depths:2 | Found a one-way gate to the infinite horrors of the Abyss.
 35926 | Depths:2 | HP: 6/182 [Vv (13)]
 35928 | Depths:2 | Mangled by Vv

Illustrated notes

Levels and vault maps discovered:
D:1:      ebering_hopf_link, layout_loops_ring, ebering_ecumenical_altar_box,
          minmay_pentomino_z4
D:2:      minmay_chambers_of_ones, layout_loops_ring, minivault_23,
          grunt_ministairs_5
D:3:      layout_loops_cross, serial_shops, nicolae_shop_overgrown_old_shop,
          uniq_sigmund
D:4:      layout_gridville, minmay_temple_entry_fiery, portal_sewer_entry_c,
          serial_shops, nicolae_shop_advertising_works
          [nicolae_subvault_shop_adworks], uniq_grinder
D:5:      layout_basic
D:6:      layout_basic, amcnicky_altar_gilded, serial_corexii_hall,
          corexii_hall_statues_s, corexii_hall_statues_t, moated_statue
D:7:      layout_cave_pods, nicolae_tso_besieged_by_evil, patterned_corridor
D:8:      layout_rooms, enter_bailey_5
D:9:      layout_cave_pods, mainiacjoe_overflow_boulevard,
          nicolae_figureground_pulse
D:10:     layout_roguey, nzn_ghost_randoct
D:11:     lemuel_castle_with_subvaults [lemuel_castle_interior_original],
          layout_irregular_city, lair_entry_dummy, david_orc_4
D:12:     minmay_tile_spiral, layout_long_grid, serial_glass, glass_columns_a,
          glass_columns_a, hex_large, nicolae_ru_sacrificial_ziggurat
D:13:     layout_loops_ring, minmay_misc_feat_columns, cheibriados_altar_1,
          uniq_jorgrun, uniq_frances, uniq_azrael, uniq_kirke
D:14:     minmay_weird_star, layout_basic, david_vaults_4,
          hellmonk_okawaru_the_only_friend_you_need, gauntlet_entry_generic
D:15:     grunt_enter_depths_snipers, layout_small_grid, serial_shops, shop,
          shop, nicolae_shop_crystal, good_gods_mini_temple,
          lightli_church_of_beogh
Temple:   hellmonk_temple_divided_pantheon
Lair:1:   layout_hall_layers, nicolae_quartered_pool_super,
          infiniplex_staircase_pool, lemuel_fruit_fields
Lair:2:   layout_gridlike, serial_bayou_pond_e, grunt_megastairs_5, uniq_fannar
Lair:3:   beast_lair_carwin_large_2, layout_chaotic_city,
          nicolae_swamp_entry_splash_gauntlet, minmay_snake_entry_six_corridors,
          lemuel_fruit_tree
Lair:4:   layout_hall_layers, dpeg_slime_entry_corner
Lair:5:   evilmike_catoblepas_cave, layout_cave_pods, pond, grunt_megastairs_3
Swamp:1:  layout_falls_marsh, nicolae_swamp_bean_lake
Swamp:2:  layout_basic_swamp, evilmike_swamp_ruin_house_2
Swamp:3:  layout_basic_swamp, serial_swamp_ruin, evilmike_swamp_ruin_rubble_1,
          evilmike_swamp_ruin_wall, evilmike_swamp_ruin_house_4
Swamp:4:  swamp_pestilence, layout_basic_swamp
Snake:1:  layout_onion_interference, serial_bayou_shore_b
Snake:2:  layout_chambers, basic_altar
Snake:3:  layout_onion, serial_shops, shop_statue, serial_bayou_pond_b,
          minmay_shop_star, uniq_mara
Snake:4:  minmay_snake_end_coiled, layout_chambers, minmay_shop_grove,
          uniq_vashnia
Orc:1:    layout_diamond_mine, basic_altar, serial_shops, shop,
          nicolae_orc_flooded_monolith, nicolae_orc_bridge_out,
          nicolae_shop_overcharged_wands
Orc:2:    grunt_orc_cross, layout_caves, mines5_lemuel
Elf:1:    minmay_elf_arrival_circle, layout_loops_corners, minmay_elf_sorcery,
          st_stairs_4, serial_sigils_hangedman_clutch, fountainhead,
          serial_sigils_hangedman_writhe, minmay_elf_necromancy, uniq_nikola,
          uniq_roxanne
Elf:2:    elven_hall_of_blades_hangedman_original
          [nicolae_blade_entry_diamond_columns], layout_onion_city,
          gammafunk_ghost_wrathful_warriors, basic_altar, st_stairs_4,
          lemuel_flame_loot_1
Elf:3:    elf_hall, layout_gridlike, grunt_megastairs_4
Depths:1: layout_small_grid, enter_ziggurat_d, nicolae_xom_altar_mimics,
          pf_hell_entry_great_geh, hallowed_hall, nicolae_triple_integral
Depths:2: four-leaf_vault, layout_cave_pools, hell_entry,
          hangedman_abyss_or_decor_stabs, grunt_pan_entry_spiral,
          hangedman_abyss_entry_splay, lemuel_freeze_loot_1, uniq_vv,
          uniq_grunn, uniq_bai_suzhen

Skill      XL: |  1  2  3  4  5  6  7  8  9 10 11 12 13 14 15 16 17 18 19 20 21 22 |
---------------+-------------------------------------------------------------------+-----
Fighting       | 1 3 4 5 6 7 9 10 11 12 14 15 17 18 19 20 21 22 | 22.5
Armour         | 1 2 3 5 6 8 |  8.0
Spellcasting   | 4 5 6 7 8 9 10 11 12 13 14 15 16 17 18 | 18.1
Invocations    | 2 3 4 5 6 7 9 10 11 12 13 | 13.1
Dodging        | 3 4 6 7 9 10 11 12 13 | 13.3
Shields        | 6 8 |  8.0
Evocations     | 2 4 6 |  6.0
Stealth        | |  1.5

Action                   |  1- 3 |  4- 6 |  7- 9 | 10-12 | 13-15 | 16-18 | 19-21 | 22-24 || total
-------------------------+-------+-------+-------+-------+-------+-------+-------+-------++-------
Melee: Flail             |       |       |       |     1 |       |     1 |     1 |       ||     3
       Unarmed           |       |       |       |       |       |       |    24 |       ||    24
       Tailslap          |       |       |       |       |       |       |     6 |       ||     6
       Bite              |       |       |       |       |       |       |     5 |       ||     5
       Punch             |       |       |       |       |       |       |     1 |       ||     1
 Cast: Magic Dart        |    53 |    45 |    75 |   180 |   213 |   190 |   255 |    52 ||  1063
       Searing Ray       |     2 |     9 |    44 |    43 |    51 |    67 |    43 |    20 ||   279
       Call Imp          |       |     6 |     3 |       |       |       |       |       ||     9
       Fulminant Prism   |       |       |    19 |    36 |    32 |    71 |    42 |     8 ||   208
       Inner Flame       |       |       |    13 |    76 |   170 |   199 |   274 |    36 ||   768
       Kindle Blastspark |       |       |     7 |     9 |       |       |       |       ||    16
       Iskenderun's Myst |       |       |       |    83 |   200 |   282 |   426 |   105 ||  1096
       Summon Mana Viper |       |       |       |       |    12 |   102 |    81 |    13 ||   208
       Conjure Ball Ligh |       |       |       |       |    12 |     3 |       |     1 ||    16
       Spellforged Servi |       |       |       |       |       |     2 |       |       ||     2
       Death Channel     |       |       |       |       |       |       |     2 |       ||     2
       Dragon Form       |       |       |       |       |       |       |     2 |       ||     2
Invok: Lesser Servant of |       |       |       |       |       |       |     1 |       ||     1
Evoke: Wand              |       |       |       |       |     2 |       |       |       ||     2
       Phantom mirror    |       |       |       |       |       |       |       |     1 ||     1
  Use: Scroll            |       |     9 |     8 |     4 |     7 |     3 |     6 |     1 ||    38
       Potion            |       |       |       |     3 |       |     2 |     7 |     2 ||    14
Armor: Robe              |     1 |     4 |     2 |       |       |       |       |       ||     7
       Leather armour    |       |       |       |     2 |       |       |       |       ||     2
       Acid dragon scale |       |       |       |     5 |       |       |       |       ||     5
       Troll leather arm |       |       |       |     3 |     9 |    46 |    52 |     6 ||   116
       Skin              |       |       |       |       |       |       |    11 |       ||    11
Dodge: Dodged            |     4 |    12 |    47 |    72 |    36 |   125 |   184 |    42 ||   522
       Repelled          |       |       |       |       |       |       |       |     1 ||     1
Block: Buckler           |       |       |       |    10 |    12 |    70 |    77 |    12 ||   181
       Reflection        |       |       |       |       |       |       |    13 |       ||    13

Table legend: (Time is in decaauts)
 A = Elapsed time spent in this place.
 B = Non-inter-level travel time spent in this place.
 C = Inter-level travel time spent in this place.
 D = Time resting spent in this place.
 E = Time spent auto-exploring this place.
 F = Levels seen in this place.
 G = Mean time per level.
                   A        B        C        D        E       F      G
               +--------+--------+--------+--------+--------+-----+--------+
         Total |  35942 |  33612 |   2330 |   3738 |  19082 |  39 |  921.6 |
       Dungeon |  13628 |  12710 |    918 |   1185 |   8660 |  15 |  908.5 |
        Temple |     45 |     32 |     13 |      0 |      9 |   1 |   45.0 |
          Lair |   4603 |   4184 |    419 |    116 |   2910 |   5 |  920.6 |
         Swamp |   2831 |   2679 |    152 |    217 |   1416 |   4 |  707.8 |
     Snake Pit |   5243 |   5017 |    226 |    423 |   2385 |   4 | 1310.8 |
  Orcish Mines |   1647 |   1495 |    152 |     62 |    983 |   2 |  823.5 |
   Elven Halls |   4132 |   3766 |    366 |    415 |   1743 |   3 | 1377.3 |
        Depths |   1812 |   1730 |     82 |    265 |    794 |   2 |  906.0 |
         Sewer |    283 |    283 |      0 |    210 |     32 |   1 |  283.0 |
        Bailey |   1384 |   1384 |      0 |    845 |     19 |   1 | 1384.0 |
      Gauntlet |    327 |    327 |      0 |      0 |    130 |   1 |  327.0 |
               +--------+--------+--------+--------+--------+-----+--------+

Top non-repeatable levels by time:
 Snake:4: 1997 daAuts
    D:11: 1790 daAuts
   Elf:3: 1663 daAuts
   Elf:1: 1414 daAuts
  Lair:5: 1412 daAuts
  Bailey: 1384 daAuts
 Snake:2: 1380 daAuts
Depths:1: 1362 daAuts
     D:6: 1208 daAuts
    D:12: 1169 daAuts
  Lair:3: 1060 daAuts
   Elf:2: 1054 daAuts
   Orc:2: 1047 daAuts
 Snake:3: 1022 daAuts
     D:2: 1017 daAuts
